 Dungeon Crawl Stone Soup version 0.17.1-1-g73c8601 (webtiles) character file.

28797 Holeefuk the Cleaver (level 13, -3/119 HPs)
             Began as a Hill Orc Fighter on Dec 16, 2015.
             Was an Elder of the Shining One.
             Slain by an ancient zyme (5 damage)
             ... while paralysed by accursed screaming
             ... on level 2 of the Abyss on Dec 17, 2015.
             The game lasted 01:02:12 (15814 turns).

Holeefuk the Cleaver (Hill Orc Fighter)            Turns: 15814, Time: 01:02:12

Health: -3/119     AC: 22    Str: 24    XL:     13   Next: 41%
Magic:  13/13      EV:  2    Int:  8    God:    the Shining One [****..]
Gold:   694        SH:  0    Dex: 10    Spells: 0 memorised, 12 levels left

rFire  . . .     SeeInvis +     U - +1 hand axe (flame)
rCold  . . .     Clarity  .     N - +4 chain mail
rNeg   + + +     SustAt   +     c - +0 shield
rPois  .         Gourm    .     T - +2 hat
rElec  +         Spirit   .     y - +0 cloak
rCorr  .         Warding  +     D - +0 pair of gloves
rMut   .         Stasis   .     F - +0 pair of boots
MR     .....                    i - amulet of warding
Stlth  ..........               J - ring of see invisible
                                g - ring of sustain attributes

@: paralysed, non-regenerating, badly diseased, glowing, not resistant to
hostile enchantments, extremely unstealthy
A: electricity resistance
a: Divine Shield, Cleansing Flame, Renounce Religion


You were on level 2 of the Abyss.
You worshipped the Shining One.
The Shining One was greatly pleased with you.
You were hungry.

You visited 3 branches of the dungeon, and saw 16 of its levels.
You visited the Abyss 1 time.
You also visited: Ice Cave.

You collected 1054 gold pieces.
You spent 360 gold pieces at shops.

Inventory:

Hand Weapons
 U - a +1 hand axe of flaming (weapon)
Armour
 c - a +0 shield (worn)
 y - a +0 cloak (worn)
 D - a +0 pair of gloves (worn)
 F - a +0 pair of boots (worn)
 N - a +4 chain mail (worn)
 T - a +2 hat (worn)
Jewellery
 g - a ring of sustain attributes (left hand)
 i - an amulet of warding (around neck)
 l - an uncursed ring of ice
 J - a ring of see invisible (right hand)
 R - an uncursed amulet of regeneration
Wands
 t - a wand of teleportation (0)
 E - a wand of slowing (17)
 I - a wand of cold (10)
 M - a wand of fireball (5)
 P - a wand of enslavement (12)
Scrolls
 f - 3 scrolls of enchant armour
 j - a scroll of immolation {unknown}
 n - 3 scrolls of fog
 o - a scroll of recharging {unknown}
 p - 4 scrolls of teleportation
 s - 5 scrolls of blinking
 u - 5 scrolls of remove curse
 x - 2 scrolls of magic mapping
 G - 2 scrolls of fear
 S - a scroll of amnesia
Potions
 h - 2 potions of magic
 m - 2 potions of flight
 r - a potion of degeneration
 w - 2 potions of brilliance
 A - 3 potions of lignification
 B - a potion of ambrosia
Books
 k - a book of Frost

   Spells                             Type                      Level
   a - Freeze                         Ice                          1
   b - Throw Frost                    Conjuration/Ice              2
   c - Ozocubu's Armour               Charms/Ice                   3
   d - Throw Icicle                   Conjuration/Ice              4
   e - Summon Ice Beast               Ice/Summoning                4
   f - Condensation Shield            Ice                          4
 v - a book of Minor Magic

   Spells                             Type                      Level
   a - Magic Dart                     Conjuration                  1
   b - Blink                          Translocation                2
   c - Call Imp                       Summoning                    2
   d - Repel Missiles                 Charms/Air                   2
   e - Slow                           Hexes                        2
   f - Conjure Flame                  Conjuration/Fire             3
   g - Mephitic Cloud                 Conjuration/Poison/Air       3
 O - a book of Transfigurations

   Spells                             Type                      Level
   a - Stoneskin                      Transmutation/Earth          2
   b - Irradiate                      Conjuration/Transmutation    5
   c - Statue Form                    Transmutation/Earth          6
   d - Hydra Form                     Transmutation                6
   e - Dragon Form                    Transmutation                7
Miscellaneous
 b - an ornate deck of wonders {drawn: 1}
 C - a sack of spiders
Comestibles
 e - 6 bread rations
 q - 6 meat rations
 z - 9 fruits
 H - 3 slices of pizza
 K - 9 royal jellies
 L - 5 beef jerkies


   Skills:
 * Level 12.7 Fighting
 - Level 14.4 Axes
 - Level 10.2 Armour
 - Level 8.2 Dodging
 - Level 11.3 Shields


You had 12 spell levels left.
You didn't know any spells.

Dungeon Overview and Level Annotations

Branches:
Dungeon (12/15)            Temple (0/1) D:7            Lair (2/8) D:8
    Orc (2/4) D:11

Altars:
Dithmenos
Fedhas
The Shining One

Shops:
D:4 =   D:7 :

Annotations:
D:5 Zellion's ghost, novice DgSk
D:8 Gastronok
D:11 Maud


Innate Abilities, Weirdness & Mutations

You are resistant to electric shocks.


Message History

You block the starcursed mass's attack.
A starcursed mass splits.
The ynoxinul gestures.
You hit the demonic crawler but do no damage.
The demonic crawler is moderately wounded.
You hit the iron imp.
The iron imp is moderately wounded.
You completely miss the starcursed mass.
You hit the starcursed mass but do no damage. x3
You hit the ancient zyme but do no damage.
The ancient zyme is lightly damaged.
A starcursed mass splits.
You block the starcursed mass's attack.
A cacophony of accursed wailing tears at your sanity!
* * * LOW HITPOINT WARNING * * *
You suddenly lose the ability to move!
The starcursed mass engulfs you but does no damage.
The demonic crawler hits you but does no damage.
The demonic crawler completely misses you.
The demonic crawler hits you but does no damage.
The ancient zyme hits you.
You die...

.... #.##. ...###.#...
..##.....###
.5.#.....#.# #
##3....##... #..
##..5..#...#####
...XX#X.5#.#..#. #..##
....XXX@s52..#....##.##
.....#XXx..#..##.##. ..
#.. ##..#.##....... # #
##.###.#....... #
..#.)...##.#. #..
.....:.. ..##.#...
.....#...#... .. .
.#...#. .#. ..#.##
#....##.####...#


You could see 8 starcursed masses, a demonic crawler, an ancient zyme, a
tormentor, a ynoxinul, an iron imp and 3 ufetubi.

Vanquished Creatures
  A frost giant (IceCv)
  A hydra (D:11)
  3 death yaks (IceCv)
  A wretched star (Abyss:1)
  2 hill giants
  The ghost of ces the Covert, a novice SpHu of Gozag (D:7)
  2 ugly things (D:12)
  An ice statue (IceCv)
  A gargoyle (D:11)
  A kobold demonologist (D:11)
  A demonic crawler (Abyss:2)
  12 polar bears
  5 trolls
  3 komodo dragons
  A vampire (D:12)
  3 deep elf magi
  3 wyverns
  A wraith (Abyss:2)
  31 yaks
  2 hippogriffs
  A basilisk (D:8)
  3 wargs
  A large abomination (Abyss:1)
  13 wolves (IceCv)
  2 water moccasins
  2 soldier ants (D:8)
  A swamp drake (D:11)
  10 porcupines (D:8)
  5 sky beasts
  4 orc warriors
  2 wasps
  2 black bears
  A spider (D:8)
  11 ice beasts
  A necrophage (D:11)
  5 centaurs
  6 ogres
  2 phantoms
  A brain worm (D:8)
  8 crocodiles
  8 giant frogs
  2 big kobolds
  A wyvern zombie (D:7)
  4 scorpions
  A killer bee (D:11)
  An electric eel (Lair:2)
  5 wights (D:7)
  7 crimson imps
  An iron imp (D:11)
  2 quasits
  An orc priest (Orc:1)
  3 centaur zombies
  5 hounds
  4 jellies
  2 giant frog skeletons
  10 orc wizards
  A centaur skeleton (D:7)
  A gnoll shaman (D:6)
  Terence (D:2)
  10 iguanas
  8 worker ants
  A killer bee zombie (D:5)
  4 hound skeletons
  21 gnolls
  12 adders
  2 shadow imps
  A river rat (D:8)
  2 white imps
  4 oozes
  An adder zombie (D:9)
  5 worms
  5 giant geckos
  49 orcs
  A ball python (D:6)
  2 giant cockroaches
  8 goblins
  6 hobgoblins
  12 jackals
  19 kobolds
  A quokka (D:7)
  7 bats
  2 giant gecko zombies
  5 giant newts
  A jackal skeleton (D:8)
  A jackal zombie (D:8)
  2 quokka skeletons
  8 rats
417 creatures vanquished.

Vanquished Creatures (others)
  3 polar bears (IceCv)
  An orc (D:11)
  A fungus (D:8)
  8 plants (D:8)
  A starspawn tentacle (Abyss:1)
  A starspawn tentacle segment (Abyss:1)
15 creatures vanquished.

Grand Total: 432 creatures vanquished

Notes
Turn   | Place    | Note
--------------------------------------------------------------
     0 | D:1      | Holeefuk the Hill Orc Fighter began the quest for the Orb.
     0 | D:1      | Reached XP level 1. HP: 19/19 MP: 1/1
   141 | D:1      | Reached XP level 2. HP: 26/26 MP: 2/2
   210 | D:1      | Reached skill level 4 in Axes
   384 | D:1      | Reached XP level 3. HP: 31/31 MP: 3/3
   818 | D:2      | Reached skill level 5 in Axes
  1020 | D:2      | Reached XP level 4. HP: 33/39 MP: 4/4
  1350 | D:2      | Reached skill level 6 in Axes
  1367 | D:2      | Noticed Terence
  1381 | D:2      | Killed Terence
  1490 | D:3      | Reached XP level 5. HP: 44/47 MP: 5/5
  1885 | D:3      | Reached skill level 5 in Fighting
  2222 | D:4      | Noticed a phantom
  2250 | D:4      | Killed a phantom
  2250 | D:4      | Reached XP level 6. HP: 46/58 MP: 6/6
  2324 | D:4      | Reached skill level 1 in Dodging
  2366 | D:4      | Found a glowing golden altar of the Shining One.
  2460 | D:4      | Became a worshipper of the Shining One
  2704 | D:4      | Found Jauj's Jewellery Emporium.
  2906 | D:5      | Entered Level 5 of the Dungeon
  3121 | D:5      | Reached XP level 7. HP: 64/64 MP: 7/7
  3399 | D:5      | Noticed Zellion's ghost (novice DgSk)
  3695 | D:6      | HP: 3/64 [centaur (7)]
  3881 | D:6      | Reached skill level 5 in Shields
  3881 | D:6      | Reached XP level 8. HP: 26/71 MP: 8/8
  3900 | D:6      | Reached * piety under the Shining One
  4454 | D:6      | Noticed a hippogriff
  4462 | D:6      | Killed a hippogriff
  4462 | D:6      | Reached skill level 5 in Armour
  4495 | D:6      | Gained mutation: Your mind is acute. (Int +2) [mutagenic meat]
  4496 | D:6      | Gained mutation: You are resistant to electric shocks. [mutagenic meat]
  4497 | D:6      | Gained mutation: You are agile. (Dex +2) [mutagenic meat]
  5067 | D:7      | Noticed ces's ghost (novice SpHu)
  5072 | D:7      | Reached skill level 5 in Dodging
  5072 | D:7      | Reached XP level 9. HP: 69/78 MP: 9/9
  5440 | D:7      | Found Lifoed's Book Shoppe.
  5446 | D:7      | Reached skill level 7 in Axes
  5541 | D:7      | Found a blossoming altar of Fedhas.
  5728 | D:7      | Found a staircase to the Ecumenical Temple.
  5775 | D:7      | Reached skill level 8 in Axes
  5777 | D:7      | Reached ** piety under the Shining One
  5836 | D:7      | Reached skill level 9 in Axes
  5910 | D:7      | Killed ces's ghost
  5910 | D:7      | Reached skill level 10 in Axes
  6267 | D:7      | Found a blossoming altar of Fedhas.
  6750 | D:8      | Found a staircase to the Lair.
  6766 | D:8      | Reached XP level 10. HP: 51/89 MP: 10/10
  6871 | D:8      | Reached skill level 10 in Fighting
  7131 | D:8      | Reached skill level 11 in Fighting
  7849 | D:8      | Noticed Gastronok
  8069 | D:9      | Reached XP level 11. HP: 96/102 MP: 7/11
  8900 | Lair:1   | Entered Level 1 of the Lair of Beasts
  9033 | Lair:1   | Found a frozen archway.
  9463 | IceCv    | Entered an ice cave
 10065 | IceCv    | Reached skill level 12 in Axes
 10422 | IceCv    | Noticed a frost giant
 10422 | IceCv    | Noticed a death yak
 10486 | IceCv    | Reached skill level 13 in Axes
 10587 | IceCv    | Killed a death yak
 10587 | IceCv    | Reached XP level 12. HP: 87/110 MP: 10/12
 10644 | IceCv    | Killed a frost giant
 10644 | IceCv    | Reached skill level 14 in Axes
 11119 | IceCv    | Noticed a death yak
 11119 | IceCv    | Noticed a death yak
 11143 | IceCv    | Killed a death yak
 11157 | IceCv    | Killed a death yak
 11165 | IceCv    | Reached skill level 10 in Armour
 12348 | D:4      | Bought an uncursed amulet of regeneration for 360 gold pieces
 12650 | D:10     | Entered Level 10 of the Dungeon
 13122 | D:10     | Reached skill level 10 in Shields
 13664 | D:11     | Got a jewelled hat
 13697 | D:11     | Identified the cursed +0 hat "Ykaf" {*Corrode +Fly Str+6} (You found it on level 11 of the Dungeon)
 13901 | D:11     | Noticed a five-headed hydra
 13989 | D:11     | Found a staircase to the Orcish Mines.
 13989 | D:11     | Noticed Maud
 14060 | D:12     | Reached XP level 13. HP: 76/118 MP: 9/13
 14156 | D:12     | Reached *** piety under the Shining One
 14371 | D:12     | Found a shadowy altar of Dithmenos.
 14894 | D:11     | Killed a five-headed hydra
 15132 | Orc:1    | Entered Level 1 of the Orcish Mines
 15561 | Orc:1    | Cast into the Abyss (an ogre mage)
 15640 | Abyss:1  | Lost mutation: You are agile. (Dex +2) [potion of cure mutation]
 15640 | Abyss:1  | Lost mutation: Your mind is acute. (Int +2) [potion of cure mutation]
 15659 | Abyss:1  | Noticed a tentacled starspawn
 15659 | Abyss:1  | Noticed a tentacled starspawn
 15667 | Abyss:2  | Found a corrupted altar of Lugonu.
 15708 | Abyss:2  | Noticed a reaper
 15775 | Abyss:2  | Noticed a revenant
 15808 | Abyss:2  | Noticed a starcursed mass
 15810 | Abyss:2  | Reached **** piety under the Shining One
 15814 | Abyss:2  | HP: 2/119 [starcursed mass/accursed screaming (9)]
 15814 | Abyss:2  | Paralysed by accursed screaming for 2 turns
 15814 | Abyss:2  | Slain by an ancient zyme

Action                   |  1- 3 |  4- 6 |  7- 9 | 10-12 | 13-15 || total
-------------------------+-------+-------+-------+-------+-------++-------
Melee: War axe           |    97 |   183 |   365 |   955 |   184 ||  1784
       Hand axe          |       |       |       |       |    87 ||    87
       Trident           |       |       |       |       |    28 ||    28
Invok: Divine Shield     |       |       |     2 |    21 |     3 ||    26
Evoke: Wand              |       |       |       |     4 |     1 ||     5
       Deck              |       |       |       |       |     1 ||     1
  Use: Potion            |       |       |     9 |     6 |     3 ||    18
       Scroll            |       |       |       |    20 |       ||    20
  Eat: Chunk             |     1 |     6 |    10 |    24 |     5 ||    46
       Bread ration      |       |       |     1 |       |       ||     1
       Pizza             |       |       |     1 |       |       ||     1
       Fruit             |       |       |       |     3 |     1 ||     4
